 Dungeon Crawl Stone Soup version 0.25-a0-478-g33c61bdccf (webtiles) character file.

Game seed: 17270086630795657779, levelgen mode: deterministic

2 vurker the Gusty (level 1, -1/7 HPs)
             Began as a Felid Air Elementalist on Feb 8, 2020.
             Slain by a hobgoblin
             ... wielding a +0 club
              (6 damage)
             ... on level 1 of the Dungeon.
             The game lasted 00:00:17 (82 turns).

vurker the Gusty (Felid Air Elementalist)             Turns: 82, Time: 00:00:17

Health: -1/7       AC:  1    Str:  4    XL:     1   Next: 25%
Magic:  0/4        EV: 18    Int: 16    God:
Gold:   10         SH:  0    Dex: 16    Spells: 3/4 levels left
                                        Lives:  0   Deaths: 0

rFire    . . .     SeeInvis +   (weapon unavailable)
rCold    . . .     Gourm    .   (shield unavailable)
rNeg     . . .     Faith    .   (armour unavailable)
rPois    .         Spirit   .   (helmet unavailable)
rElec    .         Reflect  .   (cloak unavailable)
rCorr    .         Harm     .   (gloves unavailable)
MR       .....                  (boots unavailable)
Stlth    +++.......             (no amulet)
HPRegen  0.02/turn              (no ring)
MPRegen  0.09/turn              (no ring)

@: very slightly contaminated, quick
A: very small, no armour, no weapons or thrown items, stealth, claws 1, fangs 3,
see invisible, carnivore, speed 1, shaggy fur 1, slow metabolism 1, sharp paws
a: no special abilities


You were on level 1 of the Dungeon.
You were not hungry.

You visited 1 branch of the dungeon, and saw 1 of its levels.

You collected 10 gold pieces.

Inventory:

Potions
 a - a potion of flight {unknown}
Comestibles
 e - a ration


   Skills:
 + Level 0.0 Fighting
 - Level 2.6 Dodging
 - Level 2.6 Stealth
 * Level 2.0 Spellcasting
 * Level 1.0 Conjurations
 * Level 2.7 Air Magic


You had 3 spell levels left.
You knew the following spells:

 Your Spells              Type           Power        Failure   Level  Hunger
a - Shock                 Conj/Air       #...         10%         1    #......

Your spell library contained the following spells:

 Spells                   Type           Power        Failure   Level  Hunger
 Swiftness                Chrm/Air       #.......     19%         2    ###....
 Static Discharge         Conj/Air       #.......     28%         3    ###....
 Airstrike                Air            ##........   56%         4    #####..
 Lightning Bolt           Conj/Air       #.........   95%         5    ######.


Dungeon Overview and Level Annotations

Branches:
Dungeon (1/15)

Altars:


Innate Abilities, Weirdness & Mutations

You cannot wear armour.
You are incapable of wielding weapons or throwing items.
Your paws allow you to move quietly. (Stealth)
You have sharp claws.
You have razor-sharp teeth.
You have supernaturally acute eyesight. (SInv)
You are carnivorous and can eat meat at any time.
You cover ground quickly.
You are covered in fur. (AC +1)
You have a slow metabolism.
Your sharp claws are effective at attacking unaware monsters.


Message History

Found a staircase leading out of the dungeon.
Okay, then.
Found 10 gold pieces.
You now have 10 gold pieces.
Found a hat.
Found a viscous ruby potion.
a - a viscous ruby potion A hobgoblin comes into view.
A hobgoblin is nearby!
Aim: a hobgoblin (resting)
The zap hits the hobgoblin.
The hobgoblin shouts!
Aim: a hobgoblin (moderately wounded)
The zap hits the hobgoblin but does no damage.
Aim: a hobgoblin (moderately wounded)
The zap hits the hobgoblin.
Aim: a hobgoblin (severely wounded)
The zap hits the hobgoblin.
You kill the hobgoblin!
Your Conjurations skill increases to level 1!
A kobold comes into view.
A kobold is nearby!
You don't have enough magic to cast that spell.
The kobold is too close now for your liking.
Aim: a kobold (hasn't noticed you)
The zap hits the kobold.
The kobold shouts!
Aim: a kobold (moderately wounded)
The zap hits the kobold.
You kill the kobold!
You can't see any susceptible monsters within range! (Use Z to cast anyway.)
You can't see any susceptible monsters within range! (Use Z to cast anyway.)
A hobgoblin comes into view. It is wielding a +0 club.
A hobgoblin is nearby!
Aim: a hobgoblin, wielding a +0 club (hasn't noticed you)
The zap hits the hobgoblin.
The hobgoblin shouts!
Aim: a hobgoblin, wielding a +0 club (lightly wounded)
You miscast Shock.
You are very lightly contaminated with residual magic.
Your skin tingles.
You don't have enough magic to cast that spell.
You closely miss the hobgoblin. The hobgoblin hits you with a +0 club.
You closely miss the hobgoblin.
You bite the hobgoblin, but do no damage.
The hobgoblin misses you.
You scratch the hobgoblin but do no damage.
The hobgoblin hits you with a +0 club.
Ouch! That really hurt!
You die...

....... ....... ......K
.......##### .......
...........######.......
...........#.......†....
........#....####.......
.#......##...# .......
##......#.#.####.......
##.....###...@g.......
##.....#######.......
##....## #.#.... ##....#
.# #.. ##..[## # #
##...# ##..## ##..#
##.##


You could see a hobgoblin.

Vanquished Creatures
  A hobgoblin (D:1)
  A kobold (D:1)
2 creatures vanquished.

Notes
Turn   | Place    | Note
-------+----------+-------------------------------------------
     0 | D:1      | vurker the Felid Air Elementalist began the quest for the
                  | Orb.
     0 | D:1      | Reached XP level 1. HP: 7/7 MP: 4/4
    29 | D:1      | Reached skill level 1 in Conjurations
    82 | D:1      | Slain by a hobgoblin

Levels and vault maps discovered:
D:1:      minmay_arrival_pointy, layout_rooms

Skill      XL: |  1 |
---------------+----+-----
Conjurations   | 1 |  1.0
Dodging        | |  2.6
Stealth        | |  2.6
Spellcasting   | |  2.0
Air Magic      | |  2.7

Action                   || total
-------------------------++-------
Melee: Unarmed           ||     3
       Bite              ||     1
 Cast: Shock             ||     7
Dodge: Dodged            ||     1

Table legend:
 A = Non-vault XP
 B = Vault XP
 C = Vault XP percentage of total XP
 D = Non-vault monster count
 E = Vault monster count
 F = Vault count percentage of total count
                 A         B        C        D         E       F
            +---------+---------+-------+---------+---------+-------
      Total |       3 |       0 |   0.0 |       2 |       0 |   0.0
            +---------+---------+-------+---------+---------+-------
        D:1 |       3 |       0 |   0.0 |       2 |       0 |   0.0
            +---------+---------+-------+---------+---------+-------
